TOP OF THE 1ST |
Appleton Foxes batting - Pitching for Clinton Pilots : RHP Richard Patterson
|
Pitching: RHP Richard Patterson
|
|
Batting: LHB Mike Woodard
|
0-0: Ball 1-0: Ball 2-0: Ball 3-0: Base on Balls
|
Batting: RHB George Hinshaw
|
0-0: Ball 1-0: Called Strike 1-1: Ball 2-1: Ball 3-1: Foul Ball, location: 2F 3-2: Foul Ball, location: 2F 3-2: Fly out, F9 (Line Drive, 9D, EV 102.5 MPH)
|
Batting: RHB Chris Brown
|
0-0: Ball 1-0: Swinging Strike 1-1: Ball 2-1: SINGLE (Groundball, 56D, EV 109.4 MPH) Mike Woodard to second
|
Batting: SHB Matt Gallegos
|
0-0: Ball 1-0: Called Strike 1-1: SINGLE (Groundball, 34D, EV 96.9 MPH) Mike Woodard to third Chris Brown to second Runner from 3rd tries for Home, SAFE, throw by RF to home Chris Brown to third Matt Gallegos to second
|
Batting: RHB Victor Mata
|
0-0: Ball 1-0: Foul Ball, location: 2F 1-1: Foul Ball, location: 2F 1-2: Ball 2-2: Ball 3-2: Ground out 6-3 (Groundball, 6MS, EV 86.3 MPH) Chris Brown scores Matt Gallegos to third
|
Batting: LHB John Csefalvay
|
0-0: Called Strike 0-1: Swinging Strike 0-2: DOUBLE (Flyball, 7LD, EV 95.6 MPH) Matt Gallegos scores
|
Batting: RHB Douglas Lulay
|
0-0: Called Strike 0-1: Ball 1-1: Ball 2-1: Ground out 6-3 (Groundball, 6, EV 91.9 MPH)
|
Top of the 1st over - 3 runs, 3 hits, 0 errors, 1 left on base; Appleton 3 - Clinton 0 |
BOTTOM OF THE 1ST |
Clinton Pilots batting - Pitching for Appleton Foxes : RHP Glen Johnson
|
Pitching: RHP Glen Johnson
|
|
Batting: LHB Roman Dusquesne
|
0-0: Fly out, F9 (Flyball, 9D, EV 70.6 MPH)
|
Batting: RHB Tom Riley
|
0-0: Foul Ball, location: 2F 0-1: Ball 1-1: SINGLE (Line Drive, 89M, EV 108.8 MPH)
|
Batting: RHB Bert Pena
|
0-0: Ball 1-0: Swinging Strike 1-1: Ball 2-1: Ball 3-1: Swinging Strike 3-2: Foul Ball, location: 2F 3-2: Fly out, F5 (Flyball, 5D, EV 76.9 MPH)
|
Batting: RHB Abe Rael
|
0-0: Called Strike 0-1: Ball Wild Pitch! Tom Riley to second 1-1: Fly out, F8 (Flyball, 78D, EV 111.3 MPH)
|
Bottom of the 1st over - 0 runs, 1 hit, 0 errors, 1 left on base; Appleton 3 - Clinton 0 |
TOP OF THE 2ND |
Appleton Foxes batting - Pitching for Clinton Pilots : RHP Richard Patterson
|
Batting: RHB Stan Holmes
|
0-0: Ball 1-0: SINGLE (Line Drive, 89S, EV 88.1 MPH)
|
Batting: RHB Philip Sutton
|
0-0: Foul Ball, location: 2F 0-1: Foul Ball, location: 2F 0-2: Fly out, F2 (Popup, 23F, EV 78.8 MPH)
|
Batting: LHB Mike Woodard
|
0-0: Ball 1-0: Swinging Strike 1-1: Ball 2-1: Ball 3-1: Base on Balls Stan Holmes to second
|
Batting: RHB George Hinshaw
|
0-0: Foul Ball, location: 2F 0-1: Fly out, F6 (Flyball, 56D, EV 82.5 MPH)
|
Batting: RHB Chris Brown
|
0-0: SINGLE (Groundball, 25, EV 64.4 MPH) (infield hit) Stan Holmes to third Mike Woodard to second
|
Batting: SHB Matt Gallegos
|
0-0: Called Strike 0-1: Fielders Choice at 2nd, 5-4 (Groundball, 56, EV 102.5 MPH)
|
Top of the 2nd over - 0 runs, 2 hits, 0 errors, 3 left on base; Appleton 3 - Clinton 0 |
BOTTOM OF THE 2ND |
Clinton Pilots batting - Pitching for Appleton Foxes : RHP Glen Johnson
|
Batting: RHB Joseph Rietano
|
0-0: Foul Ball, location: 2F 0-1: Ball 1-1: Ball 2-1: Swinging Strike 2-2: Strikes out swinging
|
Batting: RHB Alberto Reyes
|
0-0: Ball 1-0: Ground out 6-3 (Groundball, 6, EV 101.9 MPH)
|
Batting: RHB Barry Siebert
|
0-0: Foul Ball, location: 2F 0-1: Called Strike 0-2: Ground out 6-3 (Groundball, 6, EV 77.5 MPH)
|
Bottom of the 2nd over - 0 runs, 0 hits, 0 errors, 0 left on base; Appleton 3 - Clinton 0 |
TOP OF THE 3RD |
Appleton Foxes batting - Pitching for Clinton Pilots : RHP Richard Patterson
|
Batting: RHB Victor Mata
|
0-0: DOUBLE (Line Drive, 89XD, EV 101.3 MPH)
|
Batting: LHB John Csefalvay
|
0-0: Ball 1-0: Foul Ball, location: 2F 1-1: Ball 2-1: Called Strike 2-2: Ball 3-2: Base on Balls
|
Batting: RHB Douglas Lulay
|
0-0: Ball 1-0: Ball 2-0: Ball 3-0: Base on Balls Victor Mata to third John Csefalvay to second
|
Batting: RHB Stan Holmes
|
0-0: Grounds into double play, 4-6-3 (Groundball, 4, EV 76.9 MPH) Victor Mata scores John Csefalvay to third
|
Batting: RHB Philip Sutton
|
0-0: Called Strike 0-1: Called Strike 0-2: Strikes out swinging
|
Top of the 3rd over - 1 run, 1 hit, 0 errors, 1 left on base; Appleton 4 - Clinton 0 |
BOTTOM OF THE 3RD |
Clinton Pilots batting - Pitching for Appleton Foxes : RHP Glen Johnson
|
Batting: LHB Epifano Martinez
|
0-0: Reached on error, E6 (Groundball, 56, EV 95.0 MPH)
|
Batting: RHB Donn Koch
|
0-0: Called Strike 0-1: Swinging Strike 0-2: Ball 1-2: SINGLE (Groundball, 4MD, EV 95.6 MPH) Epifano Martinez to second
|
Batting: LHB Roman Dusquesne
|
0-0: Fly out, F7 (Flyball, 7LS, EV 83.1 MPH)
|
Batting: RHB Tom Riley
|
0-0: Ball Epifano Martinez steals 3rd base (no throw) Donn Koch to second 1-0: Ball 2-0: Ball 3-0: Base on Balls
|
Batting: RHB Bert Pena
|
0-0: Fly out, F8 (Line Drive, 8LD, EV 86.9 MPH) Runner from 3rd tags up, SCORES, no throw by CF
|
Batting: RHB Abe Rael
|
0-0: Foul Ball, location: 2F 0-1: Swinging Strike 0-2: Strikes out swinging
|
Bottom of the 3rd over - 1 run, 1 hit, 1 error, 2 left on base; Appleton 4 - Clinton 1 |
TOP OF THE 4TH |
Appleton Foxes batting - Pitching for Clinton Pilots : RHP Richard Patterson
|
Batting: LHB Mike Woodard
|
0-0: Foul Ball, location: 2F 0-1: Ball 1-1: Ball 2-1: DOUBLE (Line Drive, 9LS, EV 88.1 MPH)
|
Batting: RHB George Hinshaw
|
0-0: Swinging Strike 0-1: Swinging Strike 0-2: Ball 1-2: Ball 2-2: Strikes out swinging
|
Batting: RHB Chris Brown
|
0-0: Called Strike 0-1: Foul Ball, location: 2F 0-2: Fly out, F9 (Flyball, 9, EV 91.9 MPH)
|
Batting: SHB Matt Gallegos
|
0-0: Ball 1-0: Ball 2-0: Called Strike 2-1: Ball 3-1: Ground out 5-3 (Groundball, 5, EV 103.8 MPH)
|
Top of the 4th over - 0 runs, 1 hit, 0 errors, 1 left on base; Appleton 4 - Clinton 1 |
BOTTOM OF THE 4TH |
Clinton Pilots batting - Pitching for Appleton Foxes : RHP Glen Johnson
|
Batting: RHB Joseph Rietano
|
0-0: Ball 1-0: Swinging Strike 1-1: Ball 2-1: Fly out, F4 (Flyball, 34D, EV 88.8 MPH)
|
Batting: RHB Alberto Reyes
|
0-0: Ball 1-0: Foul Ball, location: 2F 1-1: Ball 2-1: Ball 3-1: Fly out, F8 (Flyball, 8RS, EV 91.9 MPH)
|
Batting: RHB Barry Siebert
|
0-0: Swinging Strike 0-1: Ball 1-1: Ball 2-1: Ground out 5-3 (Groundball, 56S, EV 83.8 MPH)
|
Bottom of the 4th over - 0 runs, 0 hits, 0 errors, 0 left on base; Appleton 4 - Clinton 1 |
TOP OF THE 5TH |
Appleton Foxes batting - Pitching for Clinton Pilots : RHP Richard Patterson
|
Batting: RHB Victor Mata
|
0-0: Called Strike 0-1: Called Strike 0-2: Foul Ball, location: 2F 0-2: Strikes out looking
|
Batting: LHB John Csefalvay
|
0-0: Swinging Strike 0-1: Foul Ball, location: 2F 0-2: SINGLE (Groundball, 34S, EV 68.8 MPH) (infield hit)
|
Batting: RHB Douglas Lulay
|
0-0: Ball John Csefalvay steals 2nd base 1-0: Ball 2-0: DOUBLE (Flyball, 78D, EV 103.1 MPH) John Csefalvay scores
|
Batting: RHB Stan Holmes
|
0-0: Called Strike 0-1: Foul Ball, location: 2F 0-2: Foul Ball, location: 2F 0-2: Ball 1-2: Ball 2-2: Ground out 6-3 (Groundball, 6, EV 103.8 MPH)
|
Batting: RHB Philip Sutton
|
0-0: Ball 1-0: Ball 2-0: Called Strike 2-1: Ball 3-1: Base on Balls
|
Batting: LHB Mike Woodard
|
0-0: Ball 1-0: Ball 2-0: Ground out 5-3 (Groundball, 56, EV 90.0 MPH)
|
Top of the 5th over - 1 run, 2 hits, 0 errors, 2 left on base; Appleton 5 - Clinton 1 |
BOTTOM OF THE 5TH |
Clinton Pilots batting - Pitching for Appleton Foxes : RHP Glen Johnson
|
Batting: LHB Epifano Martinez
|
0-0: Ball 1-0: Called Strike 1-1: Fly out, F6 (Popup, P, EV 76.3 MPH)
|
Batting: RHB Donn Koch
|
0-0: Foul Ball, location: 2F 0-1: Ground out 6-3 (Groundball, 6, EV 88.8 MPH)
|
Batting: LHB Roman Dusquesne
|
0-0: Called Strike 0-1: Ball 1-1: Ball 2-1: Ground out 3-1 (Groundball, 34S, EV 83.8 MPH)
|
Bottom of the 5th over - 0 runs, 0 hits, 0 errors, 0 left on base; Appleton 5 - Clinton 1 |
TOP OF THE 6TH |
Appleton Foxes batting - Pitching for Clinton Pilots : RHP Richard Patterson
|
Batting: RHB George Hinshaw
|
0-0: Called Strike 0-1: Ground out 6-3 (Groundball, 6M, EV 105.6 MPH)
|
Batting: RHB Chris Brown
|
0-0: Swinging Strike 0-1: Ball 1-1: SOLO HOME RUN (Flyball, 7LD, EV 98.8 MPH), Distance : 369 ft
|
Pitching: LHP Louis Blows
|
|
Batting: SHB Matt Gallegos
|
0-0: Swinging Strike 0-1: Ball 1-1: Fly out, F9 (Flyball, 9, EV 76.3 MPH)
|
Batting: RHB Victor Mata
|
0-0: Called Strike 0-1: Swinging Strike 0-2: Ball 1-2: Foul Ball, location: 2F 1-2: Foul Ball, location: 2F 1-2: Ball 2-2: DOUBLE (Line Drive, 89D, EV 99.4 MPH)
|
Batting: LHB John Csefalvay
|
0-0: Called Strike 0-1: Ground out 3-1 (Groundball, 34, EV 87.5 MPH)
|
Top of the 6th over - 1 run, 2 hits, 0 errors, 1 left on base; Appleton 6 - Clinton 1 |
BOTTOM OF THE 6TH |
Clinton Pilots batting - Pitching for Appleton Foxes : RHP Glen Johnson
|
Batting: RHB Tom Riley
|
0-0: Ball 1-0: Ground out 2-3 (Groundball, 15S, EV 66.9 MPH)
|
Batting: RHB Bert Pena
|
0-0: Ball 1-0: Ball 2-0: Foul Ball, location: 2F 2-1: Fly out, F9 (Flyball, 9LM, EV 95.6 MPH)
|
Batting: RHB Abe Rael
|
0-0: Foul Ball, location: 2F 0-1: Ground out 5-3 (Groundball, 56S, EV 85.0 MPH)
|
Bottom of the 6th over - 0 runs, 0 hits, 0 errors, 0 left on base; Appleton 6 - Clinton 1 |
TOP OF THE 7TH |
Appleton Foxes batting - Pitching for Clinton Pilots : LHP Louis Blows
|
Batting: RHB Douglas Lulay
|
0-0: Called Strike 0-1: Called Strike 0-2: Ball 1-2: Fly out, F9 (Flyball, 9, EV 91.3 MPH)
|
Batting: RHB Stan Holmes
|
0-0: Called Strike 0-1: SOLO HOME RUN (Flyball, 7D, EV 99.4 MPH), Distance : 365 ft
|
Batting: RHB Philip Sutton
|
0-0: Swinging Strike 0-1: Foul Ball, location: 2F 0-2: Ball 1-2: Fly out, F8 (Flyball, 89M, EV 91.9 MPH)
|
Batting: LHB Mike Woodard
|
0-0: Swinging Strike 0-1: Foul Ball, location: 2F 0-2: Foul Ball, location: 2F 0-2: Ground out 6-3 (Groundball, 56, EV 107.5 MPH)
|
Top of the 7th over - 1 run, 1 hit, 0 errors, 0 left on base; Appleton 7 - Clinton 1 |
BOTTOM OF THE 7TH |
Clinton Pilots batting - Pitching for Appleton Foxes : RHP Glen Johnson
|
Batting: RHB Joseph Rietano
|
0-0: Ground out U3 (Groundball, 13, EV 92.5 MPH)
|
Batting: RHB Alberto Reyes
|
0-0: Ball 1-0: Ball 2-0: Fly out, F8 (Flyball, 8RD, EV 96.3 MPH)
|
Batting: RHB Barry Siebert
|
0-0: Ball 1-0: Ball 2-0: SINGLE (Line Drive, 7S, EV 102.5 MPH)
|
Batting: LHB Epifano Martinez
|
0-0: Ball 1-0: Ball 2-0: Ball 3-0: Foul Ball, location: 2F 3-1: Fly out, F8 (Flyball, 8RS, EV 86.3 MPH)
|
Bottom of the 7th over - 0 runs, 1 hit, 0 errors, 1 left on base; Appleton 7 - Clinton 1 |
TOP OF THE 8TH |
Appleton Foxes batting - Pitching for Clinton Pilots : LHP Louis Blows
|
Batting: RHB George Hinshaw
|
0-0: Hit by Pitch
|
Batting: RHB Chris Brown
|
0-0: Ball George Hinshaw is caught stealing 2nd base 2-4 1-0: Ball 2-0: Foul Ball, location: 2F 2-1: Foul Ball, location: 2F 2-2: Strikes out swinging
|
Batting: SHB Matt Gallegos
|
0-0: Ground out U3 (Groundball, 34, EV 80.6 MPH)
|
Top of the 8th over - 0 runs, 0 hits, 0 errors, 0 left on base; Appleton 7 - Clinton 1 |
BOTTOM OF THE 8TH |
Clinton Pilots batting - Pitching for Appleton Foxes : RHP Glen Johnson
|
Batting: RHB Donn Koch
|
0-0: Ground out 3-1 (Groundball, 34S, EV 80.6 MPH)
|
Batting: LHB Roman Dusquesne
|
0-0: Ball 1-0: Called Strike 1-1: Foul Ball, location: 2F 1-2: Strikes out swinging
|
Batting: RHB Tom Riley
|
0-0: Ball 1-0: Foul Ball, location: 2F 1-1: Ball 2-1: Ball 3-1: Called Strike 3-2: Foul Ball, location: 2F 3-2: Ground out 4-3 (Groundball, 4M, EV 103.8 MPH)
|
Bottom of the 8th over - 0 runs, 0 hits, 0 errors, 0 left on base; Appleton 7 - Clinton 1 |
TOP OF THE 9TH |
Appleton Foxes batting - Pitching for Clinton Pilots : LHP Louis Blows
|
Batting: RHB Victor Mata
|
0-0: Called Strike 0-1: Ball 1-1: Fly out, F3 (Popup, 34, EV 80.6 MPH)
|
Batting: LHB John Csefalvay
|
0-0: Ball 1-0: Called Strike 1-1: Swinging Strike 1-2: Fly out, F9 (Flyball, 9S, EV 85.0 MPH)
|
Batting: RHB Douglas Lulay
|
0-0: Ball 1-0: Called Strike 1-1: Foul Ball, location: 2F 1-2: SINGLE (Groundball, 6M, EV 88.1 MPH) (infield hit)
|
Batting: RHB Stan Holmes
|
0-0: Called Strike 0-1: Ball 1-1: Ground out 4-3 (Groundball, 34, EV 85.0 MPH)
|
Top of the 9th over - 0 runs, 1 hit, 0 errors, 1 left on base; Appleton 7 - Clinton 1 |
BOTTOM OF THE 9TH |
Clinton Pilots batting - Pitching for Appleton Foxes : RHP Glen Johnson
|
Batting: RHB Bert Pena
|
0-0: Swinging Strike 0-1: Foul Ball, location: 2F 0-2: Strikes out looking
|
Batting: RHB Abe Rael
|
0-0: Called Strike 0-1: Ball 1-1: Swinging Strike 1-2: Ball 2-2: Ball 3-2: Fly out, F8 (Flyball, 8LD, EV 90.6 MPH)
|
Batting: RHB Joseph Rietano
|
0-0: Fly out, F8 (Line Drive, 8LM, EV 94.4 MPH)
|
Bottom of the 9th over - 0 runs, 0 hits, 0 errors, 0 left on base; Appleton 7 - Clinton 1 |
|